 Dungeon Crawl Stone Soup version 0.20-a0-971-g5896763 (webtiles) character file.

687738 JeffiDaFish the Hoplite (level 27, -46/192 HPs)
             Began as a Gargoyle Fighter on Apr 8, 2017.
             Was the Champion of Okawaru.
             Killed from afar by Umaar the pandemonium lord (92 damage)
             ... with a great icy blast
             ... on level 9 of the Dungeon on Apr 9, 2017.
             The game lasted 02:42:10 (55971 turns).

JeffiDaFish the Hoplite (Gargoyle Fighter)         Turns: 55971, Time: 02:42:11

Health: -46/192    AC: 77    Str: 21 (22) XL:     27
Magic:  30/30      EV: 11    Int:  6      God:    Okawaru [******]
Gold:   8558       SH: 24    Dex: 22 (23) Spells: 32/48 levels left

rFire    + + +     SeeInvis +   H - +9 demon whip (elec)
rCold    x . .     Gourm    .   r - +5 shield {AC+3}
rNeg     + + .     Faith    .   N - +9 plate armour "Ditiv" {+Fly Dex+6}
rPois    ∞         Spirit   .   Q - +2 helmet of Niwituc {*Drain rElec rF+++ Int-3}
rElec    +         Reflect  .   L - +2 cloak {rPois}
rCorr    .         Harm     .   A - +2 pair of gloves
MR       ++++.     Rnd*Rage +   J - +2 pair of boots Stlth ..........Rnd*Tele +
                                u - necklace of Bloodlust {*Rage +Rage MR++ Int-3 Slay+6 *Curse}
Regen    0.9/turn               O - ring of Robustness {AC+8}
MPRegen  0.3/turn               F - ring "Olufuk" {Fire +Fly rN+ SInv}

@: flying, studying Slings
A: big wings, blurry vision 1, deterioration 1, low mp 2, negative energy
resistance 1, regeneration 1, electricity resistance, teleportitis 1,
unbreathing, petrification resistance, rot immunity, AC +20
0: Orb of Zot
}: 3/15 runes: barnacled, silver, gossamer
a: Stop Flying, Heroism, Finesse, Renounce Religion, Evoke Berserk Rage


You were on level 9 of the Dungeon.
You worshipped Okawaru.
Okawaru was exalted by your worship.
You were not hungry.

You visited 10 branches of the dungeon, and saw 50 of its levels.
You also visited: Labyrinth, Ossuary and Ice Cave.

You collected 8903 gold pieces.
You spent 345 gold pieces at shops.

Inventory:

Hand Weapons
 h - a +5 demon whip of slashing
 H - a +9 demon whip of electrocution (weapon)
Armour
 r - a +5 shield of protection (worn)
 A - a +2 pair of gloves (worn)
 J - a +2 pair of boots (worn)
 L - a +2 cloak of poison resistance (worn)
 N - the +9 plate armour "Ditiv" (worn) {+Fly Dex+6}
   (Okawaru gifted it to you on level 3 of the Depths)

   It affects your dexterity (+6).
   It lets you fly.
 Q - the +2 helmet of Niwituc (worn) {*Drain rElec rF+++ Int-3}
   (You bought it in a shop on level 2 of the Orcish Mines)

   It affects your intelligence (-3).
   It renders you almost immune to fire.
   It insulates you from electricity.
   It causes draining when unequipped.
Jewellery
 u - the necklace of Bloodlust (around neck) {*Rage +Rage MR++ Int-3 Slay+6 *Curse}
   (You found it on level 7 of the Dungeon)

   [amulet of rage]

   It affects your intelligence (-3).
   It affects your accuracy and damage with ranged weapons and melee attacks
   (+6).
   It affects your resistance to hostile enchantments.
   It lets you go berserk.
   It may make you go berserk in combat.
   It curses itself when equipped.
 v - a +4 ring of dexterity {unknown}
 F - the ring "Olufuk" (right hand) {Fire +Fly rN+ SInv}
   (You found it on level 2 of the Depths)

   [ring of fire]

   It enhances your fire magic.
   It protects you from fire.
   It makes you vulnerable to cold.
   It protects you from negative energy.
   It lets you see invisible.
   It lets you fly.
 G - a +6 ring of strength
 O - the ring of Robustness (left hand) {AC+8}
   (You found it on level 2 of the Depths)

   [ring of protection]

   It affects your AC (+8).
Scrolls
 b - 35 scrolls of remove curse
 d - 5 scrolls of fog
 j - 11 scrolls of recharging
 m - 11 scrolls of magic mapping
 p - 9 scrolls of amnesia
 t - 2 scrolls of silence
 w - 14 scrolls of teleportation
 D - 8 scrolls of identify
 E - 4 scrolls of blinking
 K - 5 scrolls of fear
Potions
 c - 9 potions of ambrosia
 e - 3 potions of heal wounds
 i - 26 potions of curing
 n - 7 potions of cancellation
 o - 4 potions of magic
 x - 5 potions of haste
 z - 12 potions of brilliance
 B - 3 potions of agility
 C - 2 potions of berserk rage
 M - 5 potions of resistance
 T - a potion of might
Books
 k - a Young Poisoner's Handbook

   Spells                             Type                      Level
   a - Sting                          Conjuration/Poison           1
   b - Poisonous Vapours              Poison/Air                   2
   c - Mephitic Cloud                 Conjuration/Poison/Air       3
   d - Olgreb's Toxic Radiance        Poison                       4
   e - Venom Bolt                     Conjuration/Poison           5
 s - a manual of Slings
 y - a book of Fire

   Spells                             Type                      Level
   a - Ignite Poison                  Fire/Transmutation/Poison    3
   b - Fireball                       Conjuration/Fire             5
   c - Bolt of Fire                   Conjuration/Fire             6
   d - Ring of Flames                 Charms/Fire                  7
   e - Ignition                       Fire                         8
 I - a Necronomicon

   Spells                             Type                      Level
   a - Haunt                          Necromancy/Summoning         7
   b - Borgnjor's Revivification      Necromancy                   8
   c - Death's Door                   Charms/Necromancy            8
   d - Infestation                    Necromancy                   8
   e - Necromutation                  Transmutation/Necromancy     8
 S - a book of Power

   Spells                             Type                      Level
   a - Iskenderun's Battlesphere      Conjuration/Charms           5
   b - Venom Bolt                     Conjuration/Poison           5
   c - Bolt of Magma                  Conjuration/Fire/Earth       5
   d - Iron Shot                      Conjuration/Earth            6
   e - Orb of Destruction             Conjuration                  7
   f - Spellforged Servitor           Conjuration/Summoning        7
Comestibles
 a - 34 fruits
 f - 26 bread rations
 g - 33 meat rations
 l - 29 royal jellies


   Skills:
 * Level 24.7 Fighting
 * Level 24.5 Maces & Flails
 * Level 23.2 Armour
 - Level 4.6 Dodging
 - Level 3.2 Stealth
 * Level 26.2 Shields
 + Level 11.2 Spellcasting
 - Level 5.0 Necromancy
 + Level 13.8 Fire Magic


You had 32 spell levels left.
You knew the following spells:

 Your Spells              Type           Power        Failure   Level  Hunger
a - Infestation           Necr           #.........   100%        8    #######
b - Ignition              Fire           ####......   100%        8    #######


Dungeon Overview and Level Annotations

Branches:
Dungeon (15/15)            Temple (1/1) D:7            Lair (6/6) D:11
 Shoals (4/4) Lair:3       Spider (4/4) Lair:2        Slime (0/5) Lair:6
    Orc (2/2) D:9             Elf (3/3) Orc:2        Vaults (5/5) D:13
  Crypt (0/3) Vaults:3     Depths (5/5) D:15            Zot (5/5) Depths:5

Altars:
Ashenzari
Cheibriados
Dithmenos
Elyvilon
Fedhas
Gozag
Hepliaklqana
Kikubaaqudgha
Makhleb
Nemelex Xobeh
Okawaru
Qazlal
Ru
Sif Muna
Trog
Uskayaw
Vehumet
Wu Jian
Xom
Yredelemnul
Zin
The Shining One
Beogh

Shops:
D:4 =   D:6 ?   D:7 }   Orc:2 [(*   Shoals:2 *   Shoals:4 ((%%   Vaults:1 *
Vaults:4 !   Depths:1 *

Portals:
Hell: Depths:1 Depths:2 Depths:3 Depths:5
Abyss: Depths:1 Depths:4
Pandemonium: Depths:3
Ziggurat: Depths:4


Innate Abilities, Weirdness & Mutations

You are resistant to torment.
Your stone body is resilient. (AC +20)
You are immune to poison.
Your large and strong wings let you fly indefinitely.
You resist negative energy. (rN+)
You are resistant to electric shocks. (rElec)
You can survive without breathing.
You are immune to petrification.
You are immune to rotting.
Scrolls take you a little longer to read.
Your body sometimes deteriorates upon taking damage.
Your magical capacity is very low. (-20% MP)
Your natural rate of healing is unusually fast.
You are occasionally teleported next to monsters.


Message History

The ice encasing you melts away.
The Brimstone Fiend is engulfed in freezing vapours.
You block the Brimstone Fiend's attack. x3
Umaar is engulfed in freezing vapours.
Umaar blinks!
You block the iron imp's attack.
The Brimstone Fiend is engulfed in freezing vapours.
The Brimstone Fiend gestures at you.
The sphere of damnation explodes!
The damnation engulfs you!
* * * LOW HITPOINT WARNING * * *
The damnation engulfs the Brimstone Fiend.
The Brimstone Fiend completely resists.
The damnation engulfs the iron imp.
The iron imp dies!
Umaar gestures at you.
Umaar conjures a mighty blast of ice!
The great icy blast engulfs the Brimstone Fiend.
The Brimstone Fiend is frozen!
The Brimstone Fiend is frozen into a solid block of ice!
The Brimstone Fiend dies!
The great icy blast engulfs you!
You feel a painful chill!
You die...

#§§# #§§# #§§#####
##############§§§.§§#
.........§§§§§§§§§§§#############
........>.§§§§§§§§§.##.....#..#..
...........§§§§§§§...#.#.#...##..
............§§§§§...#.##..#.##.#.
............§§§8@...#####.###.##.
...[.......&§§§§....#.##......##.
......[))[...§§§....##.......#...
...?..........§§..<.#..##.##..#.#
##############.#######..#.#..#..#
#.# ##.#####[.##. #.#
#.##...>.....
#.#########.#..#..##
##############......####...#.#...


You could see Umaar.

Vanquished Creatures
  4 orbs of fire (Zot:5)
  3 ancient liches
  A juggernaut (Depths:4)
  Boris (twice) (Vaults:4 Depths:4)
  Frederick (Depths:5)
  Saint Roka (Elf:3)
  Xtahua (Vaults:4)
  Bai Suzhen (Vaults:4)
  4 Killer Klowns (Zot:5)
  3 caustic shrikes (Depths:4)
  4 curse toes (Zot:5)
  The ghost of elphynk the Executioner, an adept MiFi of Okawaru (Vaults:5)
  9 golden dragons
  Nikola (Depths:2)
  A bone dragon (Zot:2)
  Jorgrun (Depths:2)
  7 electric golems
  16 tentacled monstrosities
  A Tzitzimitl (Depths:2)
  25 Orb Guardians
  2 liches
  A titan (Vaults:5)
  5 deep elf blademasters
  4 quicksilver dragons
  An Executioner (D:11)
  2 deep elf master archers (Elf:3)
  5 sphinxes
  A kraken (Shoals:4)
  Frances (Shoals:3)
  9 death cobs
  6 tengu reavers
  A storm dragon (shapeshifter) (Vaults:5)
  Donald (Orc:2)
  Kirke (D:13)
  8 shadow dragons
  5 draconian monks
  Roxanne (Elf:3)
  Ilsuiw (Shoals:4)
  10 storm dragons
  5 fire giants
  5 draconian scorchers
  13 frost giants
  9 deep elf sorcerers
  15 vault wardens
  10 draconian knights
  6 emperor scorpions (Spider:4)
  9 deep elf elementalists
  3 orc warlords
  A spriggan defender (Depths:4)
  An iron dragon (Vaults:5)
  5 draconian shifters
  13 ghost moths
  3 draconian stormcallers
  6 draconian annihilators
  18 ironheart preservers
  21 stone giants
  4 vampire knights
  14 very ugly things
  11 green draconians
  3 war gargoyles
  8 entropy weavers
  12 black draconians
  A dire elephant (Lair:6)
  9 spark wasps
  11 deep elf annihilators
  11 white draconians
  5 deep elf demonologists
  11 red draconians
  11 yellow draconians
  11 purple draconians
  7 merfolk javelineers
  13 ettins
  11 deep elf death magi
  Snorg (Lair:5)
  The ghost of koshka the Cleaver, a journeyman MiAK of Lugonu (D:12)
  6 crystal guardians
  9 fire dragons
  7 merfolk impalers
  6 jiangshi
  A minotaur (Lab)
  11 great orbs of eyes
  21 ogre magi
  The ghost of casanoah the Thaumaturge, a journeyman NaIE of Kikubaaqudgha (D:8)
  20 yaktaur captains
  8 hydras
  8 deep elf high priests
  Harold (D:10)
  A great orb of eyes (shapeshifter) (Vaults:5)
  3 hell beasts
  3 catoblepae
  14 ice dragons
  A spriggan air mage (Depths:5)
  4 rakshasas
  Fannar (Lair:2)
  10 centaur warriors
  29 vault guards
  3 merfolk avatars
  A hydra (shapeshifter) (Vaults:5)
  3 alligator snapping turtles (Shoals:4)
  A death knight (Vaults:4)
  4 merfolk aquamancers
  65 two-headed ogres
  A satyr (Shoals:4)
  11 deep troll shamans
  15 death yaks
  26 dancing weapons
  6 tengu warriors
  4 vampire magi
  7 deep troll earth magi
  2 orc high priests
  A spriggan berserker (Depths:5)
  A sun demon (Depths:3)
  4 soul eaters
  27 deep elf knights
  A fire crab (shapeshifter) (Depths:4)
  14 hell knights
  5 skeletal warriors
  An iron troll (Depths:2)
  A spark wasp zombie (Depths:2)
  11 sea snakes
  5 shadow wraiths
  3 small abominations
  A titan skeleton (Depths:4)
  3 wizards
  28 deep trolls
  5 unseen horrors
  11 flayed ghosts
  7 glowing orange brains
  6 phantasmal warriors
  2 orange crystal statues (Depths:2)
  2 spectral hydras (Depths:2)
  A golden dragon skeleton (Depths:4)
  18 ironbrand convokers
  19 deep elf archers
  A lindwurm (Lair:5)
  7 harpies
  12 necromancers
  70 deep elf magi
  12 orb spiders
  An orb spider (shapeshifter) (Depths:5)
  3 sphinx zombies
  A stone giant zombie (Vaults:5)
  A fire giant zombie (D:15)
  22 orc knights
  A frost giant zombie (Vaults:5)
  A manticore (shapeshifter) (Vaults:1)
  4 oklob plants (Lair:3)
  10 fauns
  4 mana vipers
  8 orc sorcerers
  22 moths of wrath
  A salamander (shapeshifter) (Vaults:4)
  7 cyclopes
  59 ugly things
  20 wolf spiders
  12 manticores
  2 ice statues (IceCv)
  8 merfolk sirens
  A centaur zombie (D:10)
  A rust devil (Depths:3)
  A moth of wrath (shapeshifter) (Depths:4)
  A water nymph (shapeshifter) (Depths:5)
  A black mamba (shapeshifter) (Vaults:1)
  2 stone giant skeletons
  13 water nymphs
  A guardian serpent (shapeshifter) (Vaults:1)
  A human skeleton (Vaults:5)
  5 elephants (Lair:6)
  2 black mambas
  14 vault sentinels
  4 centaur skeletons
  A torpor snail (Spider:2)
  A storm dragon simulacrum (Vaults:1)
  15 spiny frogs
  A komodo dragon (shapeshifter) (Vaults:5)
  A spriggan zombie (D:15)
  10 komodo dragons
  2 rime drakes
  A yaktaur (shapeshifter) (Vaults:3)
  4 demonic crawlers
  2 spectral merfolk (Depths:2)
  48 yaktaurs
  3 hellwings (Depths:4)
  An elf skeleton (Depths:4)
  4 freezing wraiths
  An ice devil (Depths:3)
  A guardian mummy (D:15)
  An anaconda simulacrum (Depths:2)
  2 red devils (Depths:3)
  A jumping spider (shapeshifter) (Vaults:3)
  24 merfolk
  3 tengu conjurers
  10 hornets
  2 queen bees (shapeshifter)
  4 polar bears
  29 jumping spiders
  7 wind drakes
  2 tengu simulacra (Vaults:5)
  A wind drake (shapeshifter) (Vaults:2)
  15 trolls
  A polar bear (shapeshifter) (Vaults:5)
  8 blink frogs
  11 snapping turtles
  A hippogriff (shapeshifter) (Elf:3)
  A raiju (shapeshifter) (Vaults:3)
  33 slime creatures
  A fire dragon zombie (D:15)
  A meliai zombie (D:13)
  A snapping turtle (shapeshifter) (Vaults:2)
  2 raiju (Depths:2)
  19 dream sheep
  13 hippogriffs
  7 air elementals
  An ettin skeleton (D:15)
  64 redbacks
  A tarantella (shapeshifter) (Vaults:3)
  7 wyverns
  2 yaks (shapeshifter)
  19 water elementals
  34 yaks
  A fire bat (shapeshifter) (Elf:3)
  2 shadows (Depths:2)
  A ynoxinul (Zot:5)
  A spriggan (shapeshifter) (Vaults:3)
  21 tarantellas
  7 vampires
  12 wraiths
  3 basilisks
  10 hogs
  A human (D:12)
  4 hungry ghosts
  Grum (Lair:1)
  3 vampire mosquitoes (D:14)
  A spriggan simulacrum (Depths:2)
  12 wargs
  A neqoxec (Depths:3)
  An acid dragon (D:13)
  Menkaure (D:4)
  A soldier ant (shapeshifter) (Vaults:3)
  2 soldier ants (D:14)
  4 large abominations
  The ghost of zepal the Chiller, an amateur DEIE of Vehumet (D:5)
  A hydra simulacrum (Depths:2)
  4 hell hounds (Depths:2)
  7 water moccasins
  9 porcupines
  A floating eye (Depths:2)
  A spectral spriggan (Depths:2)
  5 black bears
  A spectral troll (Depths:2)
  An ice beast (shapeshifter) (Elf:3)
  51 orc warriors
  3 phantoms
  8 sky beasts
  65 ogres
  A snapping turtle zombie (Depths:2)
  2 black bears (shapeshifter)
  7 ice beasts
  A centaur (shapeshifter) (Vaults:5)
  6 boggarts
  19 wolves
  9 crocodiles
  25 centaurs
  A big kobold (D:12)
  3 elf zombies (Elf:1)
  16 bullfrogs
  A glowing shapeshifter simulacrum (Vaults:3)
  4 earth elementals
  A merfolk simulacrum (Depths:2)
  A water moccasin zombie (D:8)
  A deep troll simulacrum (Vaults:5)
  A wyvern skeleton (D:14)
  4 scorpions
  8 killer bees
  2 spectral nagas (Depths:2)
  2 electric eels
  3 spectral ogres (Depths:2)
  17 wights
  10 howler monkeys
  A spectral centaur (Depths:2)
  The ghost of Buffagor the Covered, a weakling GrFi (D:4)
  6 crimson imps
  A bullfrog zombie (D:11)
  A human simulacrum (Vaults:3)
  20 orc priests
  A human zombie (Ossuary)
  A bullfrog skeleton (D:4)
  8 jellies
  11 hounds
  An iguana (D:6)
  2 iron imps (Depths:3)
  35 orc wizards
  5 worker ants
  3 polar bear simulacra (Lair:4)
  2 yak simulacra (Lair:4)
  5 wolf simulacra (Lair:4)
  A killer bee zombie (D:10)
  6 ogre zombies (D:9)
  2 hound skeletons
  3 mummies (Ossuary)
  A worker ant zombie (D:8)
  A howler monkey skeleton (D:5)
  22 adders
  7 gnolls
  A naga simulacrum (Depths:2)
  7 shadow imps
  2 white imps (Depths:3)
  2 oozes
  2 adder zombies
  A worm (D:6)
  6 dart slugs
  5 leopard geckos
  105 orcs
  8 bats
  7 giant cockroaches
  3 goblins
  7 hobgoblins
  8 jackals
  6 quokkas
  A ball python (D:1)
  6 frilled lizards
  A giant cockroach zombie (D:5)
  A goblin skeleton (D:9)
  8 goblin zombies
  4 hobgoblin zombies
  10 kobolds
  3 kobold zombies (Ossuary)
  2 orc skeletons (D:9)
  11 orc zombies (D:9)
  5 quokka zombies (Ossuary)
  4 rats
  A rat zombie (Ossuary)
  A river rat simulacrum (Lair:4)
  4 crawling corpses
  4 plants
  2 tentacles (Shoals:4)
2479 creatures vanquished.

Vanquished Creatures (others)
  A golden dragon (Zot:5)
  A Brimstone Fiend (D:9)
  A fire giant (Vaults:5)
  An ogre mage (Vaults:5)
  An orb spider (Spider:2)
  4 moths of wrath (Zot:5)
  A tormentor (Zot:4)
  A merfolk (Shoals:4)
  A jumping spider (Zot:1)
  3 tarantellas
  A warg (Elf:3)
  A chaos spawn (D:9)
  An orc warrior (Vaults:5)
  An ogre (shapeshifter) (Depths:5)
  A boggart (Depths:2)
  A killer bee (D:8)
  A wight (Depths:2)
  An orc priest (Orc:1)
  An iron imp (D:9)
  A crawling corpse (Elf:3)
  7 fungi
  32 plants
  12 tentacles (Shoals:4)
76 creatures vanquished.

Grand Total: 2555 creatures vanquished

Notes
Turn   | Place    | Note
-------+----------+-------------------------------------------
     0 | D:1      | JeffiDaFish the Gargoyle Fighter began the quest for the Orb.
     0 | D:1      | Reached XP level 1. HP: 14/14 MP: 1/1
   188 | D:1      | Reached XP level 2. HP: 19/19 MP: 2/2
   400 | D:1      | Reached XP level 3. HP: 21/23 MP: 3/3
   887 | D:2      | Found an ancient bone altar of Kikubaaqudgha.
   889 | D:2      | Found a blossoming altar of Fedhas.
  1037 | D:2      | Reached XP level 4. HP: 28/29 MP: 4/4
  1618 | D:3      | Reached XP level 5. HP: 12/33 MP: 5/5
  1907 | D:3      | Found a sacrificial altar of Ru.
  2207 | D:3      | Reached skill level 4 in Shields
  2474 | D:3      | Found a faded altar of an unknown god.
  2755 | D:4      | Noticed an ogre
  2770 | D:4      | Killed an ogre
  2770 | D:4      | Reached skill level 5 in Armour
  2770 | D:4      | Reached XP level 6. HP: 25/38 MP: 6/6
  3469 | D:4      | Reached XP level 7. HP: 43/43 MP: 7/7
  3506 | D:4      | Noticed Menkaure
  3508 | D:4      | Reached skill level 5 in Maces & Flails
  3528 | D:4      | Killed Menkaure
  3896 | D:4      | Found Xifeimuekk's Jewellery Emporium.
  3900 | D:4      | Noticed Buffagor's ghost (weakling GrFi)
  3919 | D:4      | Killed Buffagor's ghost
  4137 | D:5      | Entered Level 5 of the Dungeon
  4190 | D:5      | Found a sparkling altar of Nemelex Xobeh.
  4222 | D:5      | Reached skill level 5 in Shields
  4304 | D:5      | Reached XP level 8. HP: 39/48 MP: 8/8
  4514 | D:5      | Noticed zepal's ghost (amateur DEIE)
  4523 | D:5      | Killed zepal's ghost
  4541 | D:5      | Found a glowing silver altar of Zin.
  4625 | D:5      | Gained mutation: You are clumsy. (Dex -2) [potion of mutation]
  4625 | D:5      | Gained mutation: Your natural rate of healing is unusually fast. [potion of mutation]
  4625 | D:5      | Lost mutation: You are clumsy. (Dex -2) [potion of mutation]
  4870 | D:5      | Reached skill level 5 in Fighting
  5092 | D:6      | Reached XP level 9. HP: 53/54 MP: 4/9
  5145 | D:6      | Reached skill level 6 in Shields
  5205 | D:6      | Reached skill level 1 in Dodging
  5207 | D:6      | Found Xufownau's Magic Scroll Emporium.
  5499 | D:6      | Found a sparkling altar of Nemelex Xobeh.
  5878 | D:7      | Found an opulent altar of Gozag.
  6204 | D:7      | Noticed a hornet
  6206 | D:7      | Found Utzyll's Gadget Shop.
  6212 | D:7      | Killed a hornet
  6280 | D:7      | Found a staircase to the Ecumenical Temple.
  6306 | Temple   | Entered the Ecumenical Temple
  6472 | Temple   | Became a worshipper of Warmaster Okawaru
  6595 | D:8      | Found a sand-covered staircase.
  6600 | Ossuary  | Entered an ossuary
  6903 | D:8      | Noticed a hornet
  6913 | D:8      | Killed a hornet
  6913 | D:8      | Reached * piety under Okawaru
  6913 | D:8      | Reached skill level 7 in Shields
  6960 | D:8      | Reached XP level 10. HP: 61/61 MP: 10/10
  7243 | D:8      | Noticed casanoah's ghost (journeyman NaIE)
  7269 | D:8      | Killed casanoah's ghost
  7269 | D:8      | Reached ** piety under Okawaru
  7269 | D:8      | Reached skill level 10 in Maces & Flails
  7730 | D:9      | Reached *** piety under Okawaru
  7904 | D:9      | Found a staircase to the Orcish Mines.
  8081 | D:9      | Reached skill level 8 in Shields
  8437 | D:10     | Entered Level 10 of the Dungeon
  8547 | D:10     | Reached XP level 11. HP: 63/68 MP: 11/11
  8605 | D:10     | Reached **** piety under Okawaru
  8646 | D:10     | Noticed Harold
  8664 | D:10     | Killed Harold
  8851 | D:10     | Reached skill level 9 in Shields
  9172 | D:10     | Reached ***** piety under Okawaru
  9458 | D:11     | Noticed a green ugly thing
  9458 | D:11     | Noticed a white ugly thing
  9466 | D:11     | Killed a green ugly thing
  9472 | D:11     | Killed a white ugly thing
  9509 | D:11     | Found a staircase to the Lair.
  9509 | D:11     | Noticed a death yak
  9510 | D:11     | Noticed a death yak
  9527 | D:11     | Killed a death yak
  9531 | D:11     | Noticed a death yak
  9532 | D:11     | Noticed a death yak
  9533 | D:11     | Noticed a death yak
  9544 | D:11     | Noticed a death yak
  9549 | D:11     | Killed a death yak
  9549 | D:11     | Received a gift from Okawaru
  9563 | D:11     | Killed a death yak
  9571 | D:11     | Killed a death yak
  9571 | D:11     | Reached XP level 12. HP: 69/76 MP: 12/12
  9580 | D:11     | Killed a death yak
  9589 | D:11     | Killed a death yak
  9592 | D:11     | Got a dazzling flail {god gift}
  9593 | D:11     | Identified the +4 flail of Mexzu {venom, rPois Stlth+} (Okawaru gifted it to you on level 11 of the Dungeon)
  9948 | D:11     | Noticed an eight-headed hydra
  9961 | D:11     | Killed an eight-headed hydra
 10382 | Lair:1   | Entered Level 1 of the Lair of Beasts
 10552 | Lair:1   | Reached skill level 10 in Shields
 10581 | Lair:1   | Noticed Grum
 10586 | Lair:1   | Reached skill level 10 in Armour
 10606 | Lair:1   | Killed Grum
 10779 | Lair:1   | Found a labyrinth entrance.
 10787 | Lab      | Entered a labyrinth
 11013 | Lab      | Noticed a minotaur
 11020 | Lab      | Killed a minotaur
 11020 | Lab      | Received a gift from Okawaru
 11020 | Lab      | Reached skill level 10 in Fighting
 11031 | Lab      | Got a dazzling chain mail
 11032 | Lab      | Identified the +1 chain mail "Hudueplop" {Int+3} (You found it in a labyrinth)
 11489 | Lair:2   | Noticed Fannar
 11509 | Lair:2   | Killed Fannar
 11526 | Lair:2   | Got a warped steel ring
 11528 | Lair:2   | Identified the ring "Cibiff" {rElec Int+3 Stlth+} (You found it on level 2 of the Lair of Beasts)
 11580 | Lair:2   | Found a hole to the Spider Nest.
 11683 | Lair:2   | Received a gift from Okawaru
 11687 | Lair:2   | Reached XP level 13. HP: 83/83 MP: 13/13
 11869 | Lair:2   | Reached skill level 1 in Stealth
 11946 | Lair:2   | Reached skill level 11 in Shields
 13000 | Lair:3   | Found a staircase to the Shoals.
 13272 | Lair:4   | Received a gift from Okawaru
 13778 | Lair:4   | Reached skill level 12 in Shields
 13980 | Lair:5   | Noticed Snorg
 13996 | Lair:5   | Killed Snorg
 14978 | Lair:6   | Entered Level 6 of the Lair of Beasts
 14986 | Lair:6   | Gained mutation: Your large and strong wings let you fly indefinitely. [Gargoyle growth]
 14986 | Lair:6   | Reached XP level 14. HP: 92/92 MP: 14/14
 15013 | Lair:6   | Reached ****** piety under Okawaru
 15135 | Lair:6   | Received a gift from Okawaru
 15461 | Lair:6   | Reached skill level 13 in Shields
 15660 | Lair:6   | Received a gift from Okawaru
 15759 | Lair:6   | Found a staircase to the Slime Pits.
 15936 | Lair:6   | Noticed a dire elephant
 15946 | Lair:6   | Killed a dire elephant
 16352 | D:12     | Reached skill level 14 in Shields
 16427 | D:12     | Reached XP level 15. HP: 99/99 MP: 15/15
 16667 | D:12     | Noticed koshka's ghost (journeyman MiAK)
 16674 | D:12     | Killed koshka's ghost
 16916 | D:12     | Reached skill level 15 in Maces & Flails
 17267 | D:13     | Received a gift from Okawaru
 17411 | D:13     | Found a gate to the Vaults.
 17519 | D:13     | Found a frozen archway.
 17562 | IceCv    | Entered an ice cave
 17936 | D:13     | Noticed Kirke
 17967 | D:13     | Killed Kirke
 18451 | D:14     | Reached skill level 15 in Shields
 18845 | D:14     | Received a gift from Okawaru
 18969 | D:15     | Entered Level 15 of the Dungeon
 19052 | D:15     | Found a staircase to the Depths.
 19177 | D:15     | Reached XP level 16. HP: 107/107 MP: 16/16
 19393 | D:15     | Found a shadowy altar of Dithmenos.
 19726 | Orc:1    | Entered Level 1 of the Orcish Mines
 19870 | Orc:1    | Received a gift from Okawaru
 20400 | Orc:2    | Entered Level 2 of the Orcish Mines
 20558 | Orc:2    | Reached skill level 15 in Fighting
 20598 | Orc:2    | Found a roughly hewn altar of Beogh.
 20645 | Orc:2    | Reached skill level 15 in Armour
 20650 | Orc:2    | Found Hamadub's Jewellery Emporium.
 20662 | Orc:2    | Found Pulil's Antique Weapon Emporium.
 20880 | Orc:2    | Found a staircase to the Elven Halls.
 20963 | Orc:2    | Noticed Donald
 20983 | Orc:2    | Killed Donald
 20983 | Orc:2    | Reached skill level 16 in Shields
 21069 | Orc:2    | Found Gaiga's General Store.
 21084 | Orc:2    | Found Mumekhotz's Antique Armour Emporium.
 21091 | Orc:2    | Bought a brightly glowing helmet for 275 gold pieces
 21101 | Orc:2    | Identified the +2 helmet of Niwituc {*Drain rElec rF+++ Int-3} (You bought it in a shop on level 2 of the Orcish Mines)
 21556 | Shoals:1 | Entered Level 1 of the Shoals
 22390 | Shoals:2 | Received a gift from Okawaru
 22408 | Shoals:2 | Got a pitted plate armour {god gift}
 22419 | Shoals:2 | Identified the +8 plate armour of Music {Str+3 Slay+3} (Okawaru gifted it to you on level 2 of the Shoals)
 22484 | Shoals:2 | Noticed Frances
 22487 | Shoals:2 | Found Lughil's Luxury Loot.
 23291 | Shoals:3 | Reached XP level 17. HP: 103/113 MP: 17/17
 23406 | Shoals:3 | Killed Frances
 23748 | Shoals:3 | Reached skill level 17 in Shields
 24112 | Shoals:4 | Entered Level 4 of the Shoals
 24135 | Shoals:4 | Noticed Ilsuiw
 24142 | Shoals:4 | Noticed a kraken
 24241 | Shoals:4 | Killed Ilsuiw
 24362 | Shoals:4 | Received a gift from Okawaru
 24631 | Shoals:4 | Identified the Grimoire of Ashen Cold
 24731 | Shoals:4 | Found Allop's Food Boutique.
 24981 | Shoals:4 | Found Hema's Antique Weapon Boutique.
 25043 | Shoals:4 | Found Bopser's Antique Weapon Shop.
 25159 | Shoals:4 | Killed a kraken
 25168 | Shoals:4 | Got a barnacled rune of Zot
 25181 | Shoals:4 | Found Huic's Food Emporium.
 25471 | Spider:1 | Entered Level 1 of the Spider Nest
 25566 | Spider:1 | Reached skill level 18 in Shields
 25661 | Spider:1 | Reached XP level 18. HP: 122/122 MP: 18/18
 25695 | Spider:1 | Received a gift from Okawaru
 25768 | Spider:1 | Identified the +6 chain mail "Riax" {Dex+3} (Okawaru gifted it to you on level 1 of the Spider Nest)
 27493 | Spider:4 | Entered Level 4 of the Spider Nest
 27663 | Spider:4 | Received a gift from Okawaru
 27719 | Spider:4 | Reached skill level 19 in Shields
 27765 | Spider:4 | Got a gossamer rune of Zot
 28394 | Vaults:1 | Entered Level 1 of the Vaults
 28485 | Vaults:1 | Reached XP level 19. HP: 128/128 MP: 19/19
 28881 | Vaults:1 | Received a gift from Okawaru
 29090 | Vaults:1 | Found Jaomn's General Store.
 29145 | Vaults:1 | Paralysed by a floating eye for 3 turns
 30108 | Vaults:2 | Identified the +1 plate armour of Reason {rPois rC++ Str-2 Stlth+} (You found it on level 2 of the Vaults)
 30145 | Vaults:2 | Received a gift from Okawaru
 31111 | Vaults:3 | Received a gift from Okawaru
 31143 | Vaults:3 | Reached skill level 20 in Shields
 31158 | Vaults:3 | Reached XP level 20. HP: 109/137 MP: 20/20
 31348 | Vaults:3 | Received a gift from Okawaru
 32716 | Vaults:3 | Found a staircase to the Crypt.
 32813 | Vaults:4 | Noticed Bai Suzhen
 32833 | Vaults:4 | Killed Bai Suzhen
 32933 | Vaults:4 | Received a gift from Okawaru
 32936 | Vaults:4 | Identified the +1 mace of the Wilderness {flame, Str+7} (Okawaru gifted it to you on level 4 of the Vaults)
 33223 | Vaults:4 | Reached XP level 21. HP: 144/144 MP: 21/21
 33253 | Vaults:4 | Reached skill level 21 in Shields
 33322 | Vaults:4 | Received a gift from Okawaru
 33341 | Vaults:4 | Identified the +3 flail of Panentheism {drain, Int+3} (Okawaru gifted it to you on level 4 of the Vaults)
 33429 | Vaults:4 | Found Begivaim's Distillery.
 33434 | Vaults:4 | Bought a potion of heal wounds for 70 gold pieces
 33547 | Vaults:4 | Noticed Xtahua
 33556 | Vaults:4 | Killed Xtahua
 33969 | Vaults:4 | Noticed Boris
 33987 | Vaults:4 | Killed Boris
 34193 | Vaults:4 | Received a gift from Okawaru
 34431 | Vaults:5 | Entered Level 5 of the Vaults
 34493 | Vaults:5 | Noticed elphynk's ghost (adept MiFi)
 34642 | Vaults:5 | Killed elphynk's ghost
 34878 | Vaults:5 | Received a gift from Okawaru
 34895 | Vaults:5 | Got a scintillating graven amulet
 34901 | Vaults:5 | Identified the amulet "Luluten" {Spirit rPois rF+ Str-5 Int+3} (You took it off a frost giant on level 5 of the Vaults)
 34919 | Vaults:5 | Noticed an ancient lich
 34931 | Vaults:5 | Killed an ancient lich
 35002 | Vaults:5 | Reached XP level 22. HP: 92/152 MP: 22/22
 35124 | Vaults:5 | Reached skill level 22 in Shields
 35519 | Vaults:5 | Identified the Compendium of Dark Orientation
 35570 | Vaults:5 | Learned a level 8 spell: Infestation
 35875 | Vaults:5 | Reached skill level 1 in Spellcasting
 35899 | Vaults:5 | Reached skill level 1 in Necromancy
 35976 | Vaults:5 | Received a gift from Okawaru
 36362 | Vaults:5 | Got a silver rune of Zot
 36520 | Vaults:5 | Received a gift from Okawaru
 36687 | Vaults:5 | Reached XP level 23. HP: 158/158 MP: 27/27
 36735 | Vaults:5 | Identified the Incunabulum of Spatial Poison
 36740 | Vaults:5 | Identified the Guide on Dark Rituals
 36804 | Vaults:5 | Got a fine hand crossbow
 36805 | Vaults:5 | Identified the +2 hand crossbow "Cami Lets" {venom, -Tele +Fly rC+++ Dex-4} (You found it on level 5 of the Vaults)
 36867 | Vaults:5 | Received a gift from Okawaru
 37005 | Vaults:5 | Identified the Reference Book on the Scorching Entourage
 37440 | Elf:1    | Entered Level 1 of the Elven Halls
 37927 | Elf:1    | Identified Saat's Handbook of Darkness
 38396 | Elf:2    | Found a radiant altar of Vehumet.
 38483 | Elf:2    | Received a gift from Okawaru
 38486 | Elf:2    | Identified the +2 mace of the Goat {antimagic, -Tele rPois rF- rN+ Int+9} (Okawaru gifted it to you on level 2 of the Elven Halls)
 38745 | Elf:2    | Found a huge runed gate.
 38745 | Elf:2    | Found a huge runed gate.
 38745 | Elf:2    | Found a huge runed gate.
 38745 | Elf:2    | Found a huge runed gate.
 38745 | Elf:2    | Found a huge runed gate.
 39318 | Elf:3    | Entered Level 3 of the Elven Halls
 39363 | Elf:3    | Noticed Roxanne
 39382 | Elf:3    | Killed Roxanne
 39623 | Elf:3    | Received a gift from Okawaru
 39701 | Elf:3    | Reached skill level 23 in Shields
 39886 | Elf:3    | Reached XP level 24. HP: 166/166 MP: 29/29
 40062 | Elf:3    | Noticed Saint Roka
 40073 | Elf:3    | Killed Saint Roka
 40449 | Elf:3    | HP: 2/166 [deep elf mage/stone arrow (7)]
 41052 | Elf:3    | Reached skill level 5 in Spellcasting
 41184 | Elf:3    | Received a gift from Okawaru
 41349 | Elf:3    | Reached skill level 5 in Necromancy
 41587 | Elf:3    | Got an ancient wooden ring
 41624 | Elf:3    | Identified the Compendium of Hurtful Poisoning
 41634 | Elf:3    | Identified the ring of Qazlal's Hope {*Tele rF+ rC+ Int-2 SInv} (You took it off a deep elf elementalist on level 3 of the Elven Halls)
 41658 | Elf:3    | Identified the Disquisition on the Blaze and Stones
 41724 | Elf:3    | Identified the Reference Book on the Shifting Mountains
 41736 | Elf:3    | Learned a level 8 spell: Ignition
 42062 | Depths:1 | Entered Level 1 of the Depths
 42073 | Depths:1 | Reached skill level 1 in Fire Magic
 42203 | Depths:1 | Received a gift from Okawaru
 42379 | Depths:1 | Found Fott's Changing Room.
 42669 | Depths:1 | Found a one-way gate to the infinite horrors of the Abyss.
 42787 | Depths:1 | Reached XP level 25. HP: 169/172 MP: 32/32
 42952 | Depths:1 | Found a gateway to Hell.
 43540 | Depths:2 | Noticed Nikola
 43554 | Depths:2 | Killed Nikola
 43634 | Depths:2 | Received a gift from Okawaru
 43662 | Depths:2 | Reached skill level 5 in Fire Magic
 43885 | Depths:2 | Got a sparkling granite ring
 43886 | Depths:2 | Identified the ring "Onaamu Woal" {rElec rC+ MR- Int+5 Slay+2} (You found it on level 2 of the Depths)
 44057 | Depths:2 | Noticed Jorgrun
 44064 | Depths:2 | Killed Jorgrun
 44220 | Depths:2 | Got a clouded ivory ring
 44221 | Depths:2 | Identified the ring "Olufuk" {Fire +Fly rN+ SInv} (You found it on level 2 of the Depths)
 44225 | Depths:2 | Reached XP level 26. HP: 180/180 MP: 33/33
 44630 | Depths:3 | Noticed Frederick
 44796 | Depths:3 | Gained mutation: Armour fits poorly on your strangely shaped body. [a neqoxec]
 44813 | Depths:3 | Found a one-way gate leading to the halls of Pandemonium.
 44875 | Depths:3 | Got a wavering turquoise ring
 44876 | Depths:3 | Identified the ring "Perorrui" {+Blink MR+ Stlth+} (You found it on level 3 of the Depths)
 44987 | Depths:3 | Received a gift from Okawaru
 44995 | Depths:3 | Reached skill level 24 in Shields
 45004 | Depths:3 | Identified the +9 plate armour "Ditiv" {+Fly Dex+6} (Okawaru gifted it to you on level 3 of the Depths)
 45937 | Depths:4 | Found a gateway to a ziggurat.
 46301 | Depths:4 | Reached XP level 27. HP: 177/186 MP: 34/35
 46562 | Depths:4 | Noticed a juggernaut
 46570 | Depths:4 | Killed a juggernaut
 46645 | Depths:4 | Noticed Boris
 46664 | Depths:4 | Killed Boris
 47224 | Depths:5 | Entered Level 5 of the Depths
 47428 | Depths:5 | Received a gift from Okawaru
 47656 | Depths:5 | Reached skill level 10 in Fire Magic
 47895 | Depths:5 | Received a gift from Okawaru
 48189 | Depths:5 | Killed Frederick
 48393 | Depths:5 | Found a gate to the Realm of Zot.
 48403 | Zot:1    | Entered Level 1 of the Realm of Zot
 50012 | Zot:2    | Received a gift from Okawaru
 50187 | Zot:2    | Reached skill level 25 in Shields
 51200 | Zot:3    | Received a gift from Okawaru
 52440 | Zot:4    | Received a gift from Okawaru
 52614 | Zot:4    | Received a gift from Okawaru
 52659 | Zot:4    | Reached skill level 10 in Spellcasting
 53224 | Zot:5    | Entered Level 5 of the Realm of Zot
 53386 | Zot:5    | Received a gift from Okawaru
 53700 | Zot:5    | Noticed an ancient lich
 53718 | Zot:5    | Killed an ancient lich
 53836 | Zot:5    | Noticed an orb of fire
 53857 | Zot:5    | Gained mutation: You are occasionally teleported next to monsters. [an orb of fire]
 53860 | Zot:5    | Killed an orb of fire
 53860 | Zot:5    | Received a gift from Okawaru
 54091 | Zot:5    | Noticed an orb of fire
 54099 | Zot:5    | Gained mutation: Your magical capacity is low. (-10% MP) [an orb of fire]
 54106 | Zot:5    | Gained mutation: Your body sometimes deteriorates upon taking damage. [an orb of fire]
 54121 | Zot:5    | Gained mutation: Your magical capacity is very low. (-20% MP) [an orb of fire]
 54124 | Zot:5    | Killed an orb of fire
 54227 | Zot:5    | Gained mutation: Scrolls take you a little longer to read. [an orb of fire]
 54228 | Zot:5    | Noticed an ancient lich
 54228 | Zot:5    | Noticed an orb of fire
 54228 | Zot:5    | Noticed an orb of fire
 54241 | Zot:5    | Killed an ancient lich
 54246 | Zot:5    | Lost mutation: Armour fits poorly on your strangely shaped body. [an orb of fire]
 54256 | Zot:5    | Killed an orb of fire
 54256 | Zot:5    | Received a gift from Okawaru
 54267 | Zot:5    | Killed an orb of fire
 54267 | Zot:5    | Reached skill level 26 in Shields
 55076 | Zot:5    | Identified the +0 pair of gloves of Hangman {Str+3} (Okawaru gifted it to you on level 5 of the Realm of Zot)
 55229 | Zot:5    | Got the Orb of Zot
 55391 | Zot:4    | Noticed Kaini the pandemonium lord
 55421 | Zot:3    | Noticed Ymitacvi the pandemonium lord
 55531 | Zot:1    | Noticed Faxo the pandemonium lord
 55764 | Depths:1 | Noticed Kemumien the pandemonium lord
 55967 | D:9      | Noticed Umaar the pandemonium lord
 55971 | D:9      | Killed from afar by Umaar the pandemonium lord

Vault maps used:
D:1:      lemuel_arrival_tunnels
D:2:      grunt_temple_overflow_growth_and_decay
D:3:      chequers_ecumenical_altar_lobes, nicolae_ru_the_path_less_chosen
D:4:      serial_shops, kennysheep_mini_moat, uniq_menkaure
D:5:      marbit_many_paths, basic_altar, first_bread
D:6:      lemuel_crystal_altar, serial_shops, shop
D:7:      minmay_temple_entry_junction, basic_altar, serial_shops, shop
D:8:      enter_ossuary_5
D:9:      zombieorc1_lemuel
D:10:     uniq_harold
D:11:     dpeg_lair_monsters
D:12:     grunt_livestock
D:13:     david_vaults_4, portal_ice_cave_entry_animals_and_master, uniq_kirke
D:14:     evilmike_butchery
D:15:     gammafunk_depths_entry_grave, grunt_dithmenos_smoke
Temple:   dpeg_five_rooms_temple
Lair:1:   lab_entry_generic, serial_bayou_shore_b, grunt_megastairs_3,
          infiniplex_staircase_pool, uniq_grum
Lair:2:   minmay_lair_venomous_thicket, spider_nest_entry_a,
          serial_bayou_pond_e, uniq_fannar
Lair:3:   minmay_shoals_entry_hut, minmay_lair_oklob_chamber, lemuel_fruit_tree,
          grunt_megastairs_1
Lair:4:   eino_house_with_fridge
Lair:5:   uniq_snorg
Lair:6:   grunt_lair_end_beastmaster, dpeg_slime_entry_corner,
          grunt_megastairs_4
Shoals:1: centaur_isle
Shoals:2: nicolae_alphabet_shops, uniq_frances
Shoals:4: shoals_end_hangedman, shoals_ilsuiw_ice, serial_shops, shop,
          shop_fountains, nicolae_shop_behind_doors, nicolae_shop_trees
Spider:2: nicolae_spider_webbed_stairs, nicolae_spider_cling_halls
Spider:4: grunt_spider_rune_circles
Orc:2:    grunt_orc_cross, uniq_donald
Elf:1:    minmay_elf_crystal_square, minmay_elf_necromancy
Elf:2:    basic_altar, grunt_ministairs_9
Elf:3:    minmay_elf_hall_golems, elf_orc_summit_meeting, uniq_saint_roka,
          uniq_roxanne
Vaults:1: v_rooms_3, st_spiral_rooms, nicolae_vaults_ring_of_whatevers,
          v_misc_24, hangedman_vaults_stitches, ontoclasm_vaults_fault,
          hangedman_vaults_nails, v_pattern_1, nicolae_vaults_network_square,
          vaults_room_stairs_pillars, nicolae_vaults_three_branches,
          serial_shops, shop
Vaults:2: vaults_room_grid, grunt_vaults_diagonal, ontoclasm_vaults_tryst,
          v_pattern_4, ontoclasm_vaults_shout, v_misc_15, v_misc_16,
          nicolae_vaults_circle_grid_a, vaults_room_door_hall,
          nicolae_vaults_little_squares_5, hangedman_vaults_slice, v_misc_9,
          ontoclasm_vaults_ring_square, vaults_mumra_minichess
Vaults:3: minmay_crypt_entry_vampire_xt, v_alt_pattern_5,
          hangedman_vaults_corner, hangedman_vaults_stretched_pinwheel,
          vaults_mumra_lcd, st_smaller_cells,
          nicolae_vaults_network_quinsquares, vaults_standard_mumra_x, v_misc_9,
          nicolae_vaults_network_s, v_misc_15, nicolae_vaults_little_squares_4,
          vaults_room_stairs_pillars
Vaults:4: nicolae_vaults_network_barrier, nicolae_vaults_little_squares_4,
          hangedman_vaults_nails, v_misc_19, nicolae_vaults_octagons,
          hangedman_vaults_capsules, v_misc_1, nicolae_vaults_specimen_jars,
          ontoclasm_vaults_loading_screen, ontoclasm_vaults_chip, serial_shops,
          shop, uniq_boris, uniq_xtahua, uniq_bai_suzhen
Vaults:5: serial_shops
Depths:1: abyss_entry, kennysheep_nondescript, pf_coc_iceberg,
          serial_sigils_hangedman_writhe, nicolae_transmutations_shop
Depths:2: lemuel_river_lethe, hell_entry, uniq_nikola, uniq_jorgrun
Depths:3: cheibrodos_quadrivalence, hangedman_abyss_or_decor_slice,
          grunt_mini_vestibule, grunt_pan_entry_zigzag,
          infiniplex_staircase_river, uniq_frederick
Depths:4: hangedman_arch_fort, enter_ziggurat_c, grunt_hell_entry_dis_old,
          abyss_entry, uniq_boris
Depths:5: grunt_zot_entry_alcove, hell_entry, serial_bayou_shore_a,
          grunt_ministairs_11
Zot:1:    st_single_dragon_hoard_1, st_stairs_3, hangedman_spider_trapstep
Zot:2:    st_small_dragon_hoard_2
Zot:5:    lemuel_golem_globe
Lab:      nicolae_lab_stuck
Ossuary:  ossuary_minmay_chase
IceCv:    ice_cave_statue_garden_teleport

Skill      XL: |  1  2  3  4  5  6  7  8  9 10 11 12 13 14 15 16 17 18 19 20 21 22 23 24 25 26 27 |
---------------+----------------------------------------------------------------------------------+-----
Armour         | 4 5 6 7 8 9 11 12 14 15 16 17 18 19 20 23 | 23.2
Maces & Flails | 3 4 5 7 9 11 12 13 14 15 16 17 18 19 20 21 22 24 | 24.5
Shields        | 4 5 7 8 9 10 12 14 15 16 18 19 20 21 22 23 24 26 | 26.2
Fighting       | 4 5 6 8 9 10 12 13 14 15 16 17 18 19 20 21 22 24 | 24.7
Dodging        | 1 2 3 4 |  4.6
Stealth        | 1 2 3 |  3.2
Spellcasting   | 2 4 6 7 8 11 | 11.2
Necromancy     | 2 4 5 |  5.0
Fire Magic     | 3 6 8 13 | 13.8

Action                   |  1- 3 |  4- 6 |  7- 9 | 10-12 | 13-15 | 16-18 | 19-21 | 22-24 | 25-27 || total
-------------------------+-------+-------+-------+-------+-------+-------+-------+-------+-------++-------
Melee: Flail             |   105 |   198 |   422 |   582 |       |       |       |       |       ||  1307
       Demon whip        |       |       |       |    88 |   966 |  1431 |  1332 |  1635 |  2737 ||  8189
       Eveningstar       |       |       |       |       |       |       |    13 |       |       ||    13
  Use: Scroll            |     4 |     4 |    10 |    12 |    10 |    11 |    11 |    14 |    26 ||   102
       Potion            |     5 |     2 |     7 |     4 |     2 |     2 |     3 |     2 |     7 ||    34
 Stab: Petrifying        |       |       |       |       |     1 |       |       |       |       ||     1
       Distracted        |       |       |       |       |       |       |       |     1 |       ||     1
       Held in net/web   |       |       |       |       |       |       |       |       |     1 ||     1
  Eat: Chunk             |     1 |     8 |    10 |    15 |    25 |    31 |    23 |    26 |    39 ||   178
       Royal jelly       |       |       |       |     2 |       |       |       |       |     3 ||     5
Armor: Scale mail        |    38 |       |       |       |       |       |       |       |       ||    38
       Plate armour      |    25 |   160 |   254 |   393 |   309 |   694 |   410 |   496 |  1114 ||  3855
Dodge: Dodged            |    35 |    27 |    72 |   130 |   148 |   320 |   202 |   255 |   468 ||  1657
Block: Shield            |    44 |    94 |   186 |   321 |   489 |  1115 |   771 |  1028 |  1969 ||  6017
